 Dungeon Crawl Stone Soup version 0.24.0-123-gd5b16e6ec5 (webtiles) character file.

Game seed: 14346101441077438505, levelgen mode: deterministic

9118 Mesmaeker13 the Grappler (level 11, -11/113 HPs)
             Began as a Troll Monk on Jan 18, 2020.
             Was an Elder of Wu Jian.
             Mangled by Snorg (20 damage)
             ... on level 11 of the Dungeon.
             The game lasted 00:13:21 (10313 turns).

Mesmaeker13 the Grappler (Troll Monk)              Turns: 10313, Time: 00:13:22

Health: -11/113    AC:  7    Str: 23    XL:     11   Next: 18%
Magic:  13/13      EV: 14    Int:  6    God:    Wu Jian [****..]
Gold:   473        SH:  0    Dex: 13    Spells: 10/10 levels left

rFire    + . .     SeeInvis .     - Unarmed
rCold    + . .     Gourm    +   (no shield)
rNeg     . . .     Faith    .   e - +1 robe {rC+ rF+}
rPois    .         Spirit   .   (helmet restricted)
rElec    .         Reflect  .   (no cloak)
rCorr    .         Harm     .   (gloves unavailable)
MR       +....                  (boots unavailable)
Stlth    ++........             (no amulet)
HPRegen  0.68/turn              F - ring of protection from magic
MPRegen  0.13/turn              q - ring of flight

@: exhausted, about to teleport
A: large, unfitting armour, claws 3, fast metabolism 3, gourmand, regeneration
1, shaggy fur 1, tough skin 3
a: Wall Jump, Serpent's Lash, Renounce Religion, Evoke Flight


You were on level 11 of the Dungeon.
You worshipped Wu Jian.
Wu Jian was greatly pleased with you.
You were not hungry.

You visited 2 branches of the dungeon, and saw 12 of its levels.

You collected 598 gold pieces.
You spent 125 gold pieces at shops.

Inventory:

Hand Weapons
 d - a +0 morningstar
 D - the +7 rapier of Hed Duno {distort, MR++ Dex+2}
   (You found it on level 6 of the Dungeon)

   It warps and distorts space around it.
   Unwielding it can cause banishment or high damage.
   It affects your dexterity (+2).
   It affects your resistance to hostile enchantments.
 G - a +1 long sword of draining
 M - the +10 mace of Ofelappe {crush, Str+4, unknown}
   (You found it on level 10 of the Dungeon)

   It inflicts extra damage upon your enemies.
   It affects your strength (+4).
Missiles
 n - 63 poisoned darts
 H - 5 large rocks (quivered)
 O - 5 javelins
Armour
 e - a +1 robe of resistance (worn)
 z - the +1 robe of Xidderut {Dex+5}
   (You bought it in a shop on level 5 of the Dungeon)

   It affects your dexterity (+5).
Jewellery
 k - an uncursed ring of positive energy
 q - a ring of flight (right claw)
 A - an uncursed ring of positive energy
 F - a ring of protection from magic (left claw)
Wands
 J - a wand of random effects (3)
Scrolls
 a - 6 scrolls of remove curse {unknown}
 f - a scroll of fog {unknown}
 m - 4 scrolls of teleportation
 r - 2 scrolls of enchant armour
 s - 3 scrolls of amnesia {unknown}
 u - a scroll of magic mapping
 w - 3 scrolls of fear {unknown}
 y - a scroll of blinking {unknown}
 B - a scroll of immolation {unknown}
 C - a scroll of vulnerability {unknown}
 L - a scroll of enchant weapon {unknown}
Potions
 c - 3 potions of flight {unknown}
 g - a potion of heal wounds
 h - 5 potions of might
 i - 2 potions of invisibility {unknown}
 j - 2 potions of mutation {unknown}
 l - 5 potions of haste
 p - 4 potions of curing
 t - a potion of ambrosia {unknown}
 x - a potion of cancellation {unknown}
 I - a potion of agility {unknown}
Miscellaneous
 v - a phantom mirror
 N - a phial of floods (inert)
Comestibles
 b - 28 rations


   Skills:
 + Level 8.3 Fighting
 + Level 8.3 Dodging
 - Level 1.0 Stealth
 + Level 9.8 Unarmed Combat
 + Level 5.0 Evocations


You had 10 spell levels left.
You didn't know any spells.
Your spell library contained the following spells:

 Spells                   Type           Power        Failure   Level  Hunger
 Confusing Touch          Hex            #.....       45%         1    ##.....
 Infusion                 Chrm           #...         45%         1    ##.....
 Magic Dart               Conj           #...         45%         1    ##.....
 Blink                    Tloc           N/A          58%         2    ###....
 Call Imp                 Summ           #.......     58%         2    ###....
 Searing Ray              Conj           #.....       58%         2    ###....
 Shroud of Golubria       Chrm/Tloc      #.....       58%         2    ###....
 Slow                     Hex            #.......     58%         2    ###....
 Song of Slaying          Chrm           #.......     58%         2    ###....
 Confuse                  Hex            #.......     83%         3    ####...
 Conjure Flame            Conj/Fire      #.......     83%         3    ####...
 Dazzling Spray           Conj/Hex       #.....       83%         3    ####...
 Gell's Gravitas          Tloc           #.........   83%         3    ####...
 Mephitic Cloud           Conj/Pois/Air  #.......     83%         3    ####...
 Regeneration             Chrm/Necr      #.........   83%         3    ####...
 Spectral Weapon          Hex/Chrm       #.......     83%         3    ####...
 Force Lance              Conj/Tloc      #.......     99%         4    #####..
 Fulminant Prism          Conj/Hex       #.........   99%         4    #####..
 Iskenderun's Mystic Bla  Conj           #.......     99%         4    #####..
 Petrify                  Tmut/Erth      #.......     99%         4    #####..
 Metabolic Englaciation   Hex/Ice        #.........   100%        5    ######.
 Yara's Violent Unravell  Hex/Tmut       #.........   100%        5    ######.


Dungeon Overview and Level Annotations

Branches:
Dungeon (11/15)            Temple (1/1) D:6            Lair (0/6) D:9
    Orc: D:9-12

Altars:
Ashenzari
Cheibriados
Dithmenos
Elyvilon
Fedhas
Gozag
Hepliaklqana
Kikubaaqudgha
Makhleb
Nemelex Xobeh
Okawaru
Qazlal
Ru
Sif Muna
Trog
Uskayaw
Vehumet
Wu Jian
Xom
Yredelemnul
Zin
The Shining One

Shops:
D:5 [

Annotations:
D:9 3 runed translucent doors, MisterT's ghost, novice MiHu
D:11 Snorg


Innate Abilities, Weirdness & Mutations

You are too large for most types of armour.
You have claws for hands.
Your metabolism is lightning-fast.
You like to eat raw meat.
Your natural rate of healing is unusually fast.
You are covered in fur. (AC +1)
You have extremely tough skin. (AC +3)


Message History

Snorg closely misses you. Snorg claws you.
* * * LOW HITPOINT WARNING * * *
Unknown command.
As you read the scroll of teleportation, it crumbles to dust.
You feel strangely unstable. Snorg barely misses you. Snorg claws you!
* * * LOW HITPOINT WARNING * * *
Snorg closely misses you. Snorg barely misses you.
Snorg claws you but does no damage. Snorg claws you!
* * * LOW HITPOINT WARNING * * *
Unknown command.
You feel much better. Snorg barely misses you. Snorg closely misses you.
Snorg claws you!!
* * * LOW HITPOINT WARNING * * *
Unknown command.
You feel much better. Snorg bites you.
* * * LOW HITPOINT WARNING * * *
Snorg claws you but does no damage. Snorg claws you.
* * * LOW HITPOINT WARNING * * *
Snorg bites you!!
You die...

##.....(.......#y##.##..#
####...(......#.y..y....
##..###..#.......y.......
#....#............y.#....
#.[.........._.......##
##......................
##........)..............
##.......T#...............
##..##....@##........#.....
#..####.#............#.....
#...#............##..#.....
#................##.[......
##........###.........#....
#.........####.......##....
#..........# ##............
##.....#..## #............
#.......### ###..........


You could see Snorg (berserk).

Vanquished Creatures
  Harold (D:10)
  A two-headed ogre (D:11)
  Urug (D:10)
  A manticore (D:11)
  A hippogriff (D:10)
  2 wyverns
  6 yaks (D:10)
  A spriggan (D:8)
  A hungry ghost (D:11)
  A water moccasin (D:8)
  An ice beast (D:10)
  4 sky beasts
  A necrophage (D:11)
  4 orc warriors
  2 black bears
  A phantom (D:6)
  10 ogres
  4 centaurs
  A crocodile (D:11)
  3 bullfrogs
  A gnoll sergeant (D:7)
  2 scorpions
  5 killer bees (D:11)
  3 wights (D:11)
  A howler monkey (D:5)
  2 centaur zombies
  2 crimson imps
  3 hounds
  A quasit (D:9)
  10 orc priests
  2 jellies (D:9)
  8 orc wizards
  7 iguanas
  7 worker ants
  3 hound skeletons
  A worker ant zombie (D:8)
  4 gnolls (D:7)
  12 adders
  7 shadow imps
  An ooze (D:1)
  2 adder skeletons
  5 worms
  2 dart slugs (D:3)
  4 leopard geckos
  41 orcs
  7 giant cockroaches
  11 goblins
  10 hobgoblins
  19 jackals
  9 kobolds
  6 quokkas
  3 ball pythons
  A ball python zombie (D:5)
  12 bats
  5 frilled lizards
  A leopard gecko skeleton (D:5)
  8 rats
275 creatures vanquished.

Vanquished Creatures (collateral kills)
  A killer bee (D:11)
1 creature vanquished.

Vanquished Creatures (others)
  A wizard (D:6)
  A plant (D:9)
2 creatures vanquished.

Grand Total: 278 creatures vanquished

Notes
Turn   | Place    | Note
-------+----------+-------------------------------------------
     0 | D:1      | Mesmaeker13 the Troll Monk began the quest for the Orb.
     0 | D:1      | Reached XP level 1. HP: 22/22 MP: 0/0
    46 | D:1      | Found a glowing golden altar of the Shining One.
   145 | D:1      | Reached XP level 2. HP: 29/29 MP: 1/1
   360 | D:1      | Reached XP level 3. HP: 36/36 MP: 2/2
   626 | D:2      | Reached XP level 4. HP: 45/45 MP: 3/3
   761 | D:2      | Found a sparkling altar of Nemelex Xobeh.
  1143 | D:2      | Reached skill level 4 in Unarmed Combat
  1334 | D:3      | Reached XP level 5. HP: 53/53 MP: 4/4
  1576 | D:3      | You fall into a shaft and drop 2 floors!
  1576 | D:5      | Entered Level 5 of the Dungeon
  1638 | D:5      | Noticed an ogre
  1653 | D:5      | Killed an ogre
  1687 | D:4      | Reached XP level 6. HP: 61/62 MP: 5/5
  1844 | D:4      | Reached skill level 5 in Unarmed Combat
  2470 | D:4      | Reached XP level 7. HP: 71/71 MP: 6/6
  3346 | D:5      | Found Xuace's Antique Armour Boutique.
  3355 | D:5      | Bought a shadowed robe for 125 gold pieces
  3366 | D:5      | Identified the +1 robe of Xidderut {Dex+5} (You bought it
                  | in a shop on level 5 of the Dungeon)
  3392 | D:5      | Reached skill level 5 in Fighting
  3392 | D:5      | Reached skill level 5 in Dodging
  3392 | D:5      | Reached skill level 6 in Unarmed Combat
  3438 | D:5      | Reached XP level 8. HP: 29/80 MP: 7/7
  4065 | D:6      | Found a staircase to the Ecumenical Temple.
  4100 | Temple   | Entered the Ecumenical Temple
  4216 | D:6      | Got a brightly glowing rapier
  4236 | D:6      | Found a bloodstained altar of Trog.
  4238 | D:6      | Noticed a wizard
  4244 | D:6      | Killed a wizard
  4506 | D:6      | Reached skill level 7 in Unarmed Combat
  4888 | D:7      | Identified the +7 rapier of Hed Duno {distort, MR++ Dex+2}
                  | (You found it on level 6 of the Dungeon)
  5785 | D:7      | Reached skill level 1 in Evocations
  5785 | D:7      | Reached XP level 9. HP: 61/89 MP: 8/8
  6030 | D:7      | Found an ornate altar of the Wu Jian Council.
  6117 | D:7      | Found a shimmering blue altar of Sif Muna.
  6155 | D:7      | Became a worshipper of the Wu Jian Council
  6155 | D:7      | Reached * piety under Wu Jian
  6155 | D:7      | Reached ** piety under Wu Jian
  6998 | D:8      | Reached skill level 8 in Unarmed Combat
  7365 | D:9      | You fall into a shaft and drop 2 floors!
  7371 | D:10     | Entered Level 10 of the Dungeon
  7487 | D:9      | Found a glowing golden altar of the Shining One.
  7487 | D:9      | Found a white marble altar of Elyvilon.
  7649 | D:9      | Found a staircase to the Lair.
  7700 | D:9      | Found a hazy altar of Hepliaklqana.
  7700 | D:9      | Found a sacrificial altar of Ru.
  7731 | D:9      | Found a runed translucent gate.
  7731 | D:9      | Found a runed translucent gate.
  7731 | D:9      | Noticed MisterT's ghost (novice MiHu)
  7731 | D:9      | Noticed an 11-headed hydra
  7732 | D:9      | Found a runed translucent gate.
  7785 | D:9      | Found a radiant altar of Vehumet.
  7989 | D:9      | Reached *** piety under Wu Jian
  8352 | D:10     | Reached XP level 10. HP: 102/102 MP: 11/11
  8357 | D:10     | Got an ancient mace
  8589 | D:10     | Noticed Urug
  8604 | D:10     | Killed Urug
  8604 | D:10     | Reached skill level 9 in Unarmed Combat
  9062 | D:10     | Noticed Harold
  9082 | D:10     | Killed Harold
  9606 | D:11     | Found a glowing silver altar of Zin.
  9738 | D:11     | Noticed a two-headed ogre
  9756 | D:11     | Killed a two-headed ogre
  9759 | D:11     | Reached XP level 11. HP: 61/111 MP: 13/13
  9994 | D:11     | Reached **** piety under Wu Jian
 10036 | D:11     | Reached skill level 5 in Evocations
 10292 | D:11     | Noticed Snorg
 10311 | D:11     | HP: 4/113 [Snorg (16)]
 10313 | D:11     | Mangled by Snorg

Levels and vault maps discovered:
D:1:      nicolae_arrival_memento_mori, layout_rooms, tso_altar
D:2:      layout_loops_cross, old_standard_altar,
          minmay_fractal_squares_gapless_5
D:3:      layout_loops_corners, first_ration, minmay_pentangle
D:4:      layout_basic, minmay_fountain_box
D:5:      layout_loops_corners, serial_shops, shop, serial_bayou_pond_b
D:6:      layout_basic, minmay_temple_entry_tees, kennysheep_another_room,
          nrook_mini_backslash, roderic_roman_lattice, trog_wizard
D:7:      layout_loops_corners, lemuel_round_altar, led_sif_pool,
          minmay_misc_feat_chi
D:8:      layout_loops_ring, the_bakery
D:9:      layout_long_grid, lemuel_coloured_pillars_altar,
          chequers_temple_overflow_statue_of_worship,
          gammafunk_temple_overflow_pools, lair_entry_dummy,
          gammafunk_ghost_hydra_chop
D:10:     layout_small_grid, uniq_urug, uniq_harold
D:11:     layout_cave_pools, nicolae_trove_entry_crystal, basic_altar,
          kennysheep_opposing_triangles, uniq_snorg
Temple:   jpeg_temple_clearing

Skill      XL: |  1  2  3  4  5  6  7  8  9 10 11 |
---------------+----------------------------------+-----
Dodging        | 3 4 5 6 7 8 |  8.3
Fighting       | 3 4 5 6 7 8 |  8.3
Unarmed Combat | 4 5 6 7 8 9 |  9.8
Evocations     | 1 3 4 5 |  5.0
Stealth        | |  1.0

Action                   |  1- 3 |  4- 6 |  7- 9 | 10-12 || total
-------------------------+-------+-------+-------+-------++-------
Melee: Unarmed           |    64 |   202 |   351 |   158 ||   775
       Punch             |       |     3 |    11 |    11 ||    25
Throw: Dart              |       |     2 |    14 |    14 ||    30
       Large rock        |       |       |       |     3 ||     3
       Javelin           |       |       |       |     2 ||     2
Invok: Lunge             |       |       |    20 |    12 ||    32
       Whirlwind         |       |       |       |    12 ||    12
       Serpent's Lash    |       |       |       |     1 ||     1
Evoke: Phial of floods   |       |       |       |     2 ||     2
  Use: Scroll            |       |     3 |     9 |     3 ||    15
       Potion            |       |       |     2 |     5 ||     7
 Stab: Sleeping          |     2 |     5 |     8 |       ||    15
  Eat: Chunk             |    11 |    17 |    53 |    15 ||    96
Armor: Robe              |    19 |    70 |    70 |    36 ||   195
Dodge: Dodged            |    38 |   103 |   147 |   112 ||   400
